AoeStats
← farrelmughni8

Highland

506123338Analyzed
2v2 RM · 20d ago on Sep 12, 2026· 50m 34s· 4 players
Game mode
Random Map
Map size
Medium (4 player)
Population
200
Speed
Normal
Resources
Standard
Victory
Conquest
Starting age
Dark Age
Ending age
Imperial Age
RankedLock teamsTeams togetherTeam positionsShared explorationLock speedFull tech treeHidden civsTurbo modeCheats
Victory
Defeat
🇬🇧 Dravidians · United Kingdom
1025
+11
🇬🇧 Aztecs · United Kingdom
1025
+11
🇮🇩 Italians · Indonesia
932
-11
🇧🇪 Vietnamese · Belgium
912
-11
farrelmughni8
11:16 Feudal Age
20:03 Castle Age
19:06 Forging
18:55 Horse Collar
24:16 Squires
24:01 Arson
24:20 Scale Mail Armor
24:14 Fletching
30:24 Imperial Age
27:56 Double-Bit Axe
29:33 Pikeman
30:48 Bodkin Arrow
32:33 Gold Mining
32:33 Stone Mining
32:39 Loom
33:30 Wheelbarrow
34:29 Stone Shaft Mining
35:18 Silk Road
35:41 Chain Mail Armor
35:29 Padded Archer Armor
37:29 Chemistry
36:20 Heated Shot
37:39 Caravan
39:07 Elite Genoese Crossbowman
41:13 Bracer
42:10 Elite Cannon Galleon
45:43 Iron Casting
45:25 Leather Archer Armor
45:41 Plate Mail Armor
lode.bruneel
12:13 Feudal Age
13:43 Double-Bit Axe
13:43 Horse Collar
17:53 Castle Age
17:06 Arson
18:01 Gold Mining
18:07 Stone Mining
19:00 Bow Saw
18:53 Heavy Plow
20:49 Crossbowman
22:34 Squires
23:12 Loom
24:22 Stone Shaft Mining
25:40 Fletching
26:56 Wheelbarrow
27:43 Bodkin Arrow
30:19 Hand Cart
29:50 Town Watch
30:59 Heated Shot
31:30 Ballistics
35:34 Imperial Age
34:21 Murder Holes
36:05 Thumb Ring
35:23 Pikeman
35:40 Capped Ram
37:10 Crop Rotation
38:29 Onager
39:01 Sappers
39:15 Elite Skirmisher
43:34 Chemistry
43:43 Elite Fire Lancer
Henry VIII K/D
6:26 Loom
16:08 Feudal Age
16:54 Double-Bit Axe
19:12 Horse Collar
21:51 Castle Age
20:14 Stone Mining
20:15 Gold Mining
20:25 Fletching
20:57 Padded Archer Armor
21:43 Forging
22:03 Arson
22:25 Scale Mail Armor
23:54 Heavy Plow
23:19 Elite Skirmisher
25:01 Wheelbarrow
25:21 Herbal Medicine
25:37 Fervor
25:48 Sanctity
26:31 Gold Shaft Mining
26:23 Town Watch
26:48 Squires
27:33 Ballistics
28:22 Bow Saw
29:56 Caravan
30:23 Hand Cart
30:09 Town Patrol
35:50 Imperial Age
34:01 Devotion
35:17 Atlatl
35:37 Leather Archer Armor
35:18 Bodkin Arrow
36:57 Conscription
36:58 Chain Mail Armor
37:18 Iron Casting
38:19 Bracer
40:04 Redemption
39:55 Atonement
40:15 Faith
40:12 Block Printing
42:04 Garland Wars
42:49 Blast Furnace
42:20 Plate Mail Armor
42:44 Illumination
42:55 Theocracy
43:07 Crop Rotation
42:05 Elite Jaguar Warrior
44:41 Chemistry
43:37 Murder Holes
43:53 Fortified Wall
43:23 Treadmill Crane
43:55 Clinker Construction
50:08 Eagle Warrior
50:34 Gambesons
Mr Kakoh
0:34 Loom
10:27 Feudal Age
11:31 Horse Collar
11:56 Double-Bit Axe
12:21 Fishing Lines
18:57 Castle Age
17:11 Stone Mining
17:59 Gold Mining
19:06 Scale Mail Armor
19:16 Forging
20:07 Bow Saw
19:58 Heavy Plow
20:27 Gillnets
26:55 Wheelbarrow
27:01 Wheelbarrow
27:10 Chain Mail Armor
27:31 Iron Casting
30:11 Imperial Age
28:50 Hand Cart
29:36 Iron Casting
29:06 Town Watch
34:32 Chemistry
34:08 Conscription
34:40 Caravan
34:51 Guilds
35:38 Plate Mail Armor
38:44 Wootz Steel
39:31 Blast Furnace
38:12 Demolition Ship
38:14 Elite Cannon Galleon
38:54 Elite Urumi Swordsman
41:35 Fletching
42:27 Squires
42:12 Arson
43:46 Town Patrol
44:05 Bodkin Arrow
45:34 Bracer
46:44 Padded Archer Armor
48:17 Medium Warships
47:31 Heavy Demolition Ship
49:44 Heavy Warships
Connection lost

Rejoining the realm…

Still unreachable

The connection could not be restored.

Session expired

The server has moved on; the page needs a fresh start.